 Dungeon Crawl Stone Soup version 0.25.1-2-g60ff931df9 (webtiles) character file.

Game seed: 6237898208562262140

54 alfred101 the Ducker (level 3, 0/26 HPs)
             Began as an Octopode Fighter on Nov 2, 2020.
             Slain by Sigmund
             ... wielding a cursed -2 scythe
              (9 damage)
             ... on level 2 of the Dungeon.
             The game lasted 00:09:36 (1963 turns).

alfred101 the Ducker (Octopode Fighter)             Turns: 1963, Time: 00:09:36

Health: 0/26       AC:  1    Str: 15    XL:     3   Next: 91%
Magic:  3/3        EV: 12    Int: 10    God:
Gold:   88         SH:  9    Dex: 12    Spells: 2/2 levels left

rFire    . . .     SeeInvis .   a - +0 long sword
rCold    . . .     Gourm    .   b - +0 kite shield
rNeg     . . .     Faith    .   (helmet restricted)
rPois    .         Spirit   .   (no amulet)
rElec    .         Reflect  .   (no ring)
rCorr    .         Harm     .   (no ring)
MR       .....                  (no ring)
Stlth    ++........             (no ring)
HPRegen  0.08/turn              (no ring)
MPRegen  0.08/turn              (no ring)
                                (no ring)
                                (no ring)

@: no status effects
A: almost no armour, stealthy swim, amphibious, 8 rings, constrict 8, camouflage
1, gelatinous body 1
a: no special abilities


You were on level 2 of the Dungeon.
You were not hungry.

You visited 1 branch of the dungeon, and saw 2 of its levels.

You collected 88 gold pieces.

Inventory:

Hand Weapons
 a - a +0 long sword (weapon)
Armour
 b - a +0 kite shield (worn)
Scrolls
 g - 2 scrolls of teleportation {unknown}
 h - 3 scrolls of enchant armour {unknown}
 i - a scroll of random uselessness {unknown}
 l - a scroll of magic mapping {unknown}
Potions
 c - a potion of might
 e - a potion of curing {unknown}
 j - a potion of cancellation {unknown}
 k - a potion of haste
Comestibles
 d - 7 rations
 f - 3 chunks of flesh


   Skills:
 + Level 3.4 Fighting
 + Level 2.6 Long Blades
 + Level 3.5 Dodging
 + Level 3.4 Shields


You had 2 spell levels left.
You didn't know any spells.
Your spell library was empty.

Dungeon Overview and Level Annotations

Branches:
Dungeon (2/15)

Altars:

Annotations:
D:2 Sigmund


Innate Abilities, Weirdness & Mutations

You cannot wear most types of armour.
You are very stealthy in the water. (Stealth+)
You are amphibious.
You can wear up to eight rings at the same time.
You can use your tentacles to constrict eight enemies at once.
Your skin changes colour to match your surroundings (Stealth+).
Your rubbery body absorbs attacks. (AC +1, EV +1)


Message History

You kill the goblin!
Sigmund shouts!
Sigmund casts a spell at you.
You are confused.
Sigmund drinks a potion.
Sigmund seems to speed up.
Sigmund mumbles some strange words.
Sigmund flickers and vanishes!
Deactivating autopickup; reactivate with Ctrl-A.
You feel less confused.
You hear some strange, mumbled words.
Something tries to affect you, but you resist.
A magic dart appears from out of thin air!
The magic dart hits you!
You hear some strange, mumbled words.
Something tries to affect you, but you resist.
Something hits you! You block something's attack. Something hits you.
Something hits you!
You die...

...#####.# #.######..######.#####
...'.....###..............#......
...#####......###########.#.###.#
##.# ######...# #####.#.# #.#
##.######## #.### #.......###.#
..........# #.#### #.###.......#
##'######.# #....# #.# #########
#...# #.######.# #.#
#...#####....###@# #.#
........#........####.###
##+####.#...........#...#
##.####.#.....#####.###.#
##...##.#####.###.......#
...#.##...........#.#####
####'######...#####.#
#≈§≈.≈§≈##....#.....#
#≈≈...≈§##........###


There were no monsters in sight!

Vanquished Creatures
  An adder (D:2)
  An ooze (D:2)
  A worm (D:2)
  A dart slug (D:1)
  4 giant cockroaches
  7 goblins
  2 hobgoblins
  A quokka (D:2)
  2 ball pythons (D:2)
  5 bats
  A frilled lizard (D:2)
  3 kobolds
  6 rats
35 creatures vanquished.

Notes
Turn   | Place    | Note
-------+----------+-------------------------------------------
     0 | D:1      | alfred101 the Octopode Fighter began the quest for the Orb.
     0 | D:1      | Reached XP level 1. HP: 16/16 MP: 1/1
   384 | D:1      | Reached XP level 2. HP: 21/21 MP: 2/2
   993 | D:2      | Reached XP level 3. HP: 26/26 MP: 3/3
  1215 | D:2      | Noticed Sigmund
  1963 | D:2      | Slain by Sigmund

Illustrated notes

Levels and vault maps discovered:
D:1:      dpeg_arrival_short_road, layout_loops_ring
D:2:      layout_basic, kennysheep_generic_room_8, uniq_sigmund

Action                   || total
-------------------------++-------
Melee: Long sword        ||    64
       Constrict         ||    14
       Tentacles         ||    11
 Stab: Sleeping          ||    12
  Eat: Chunk             ||     3
Armor: Skin              ||     6
Dodge: Dodged            ||    28
Block: Kite shield       ||    20
       Rpst.: Long sword ||     8
